 Dungeon Crawl Stone Soup version 0.21.1-1-g345015fe64 (webtiles) character file.

1969 Gargoyl the Skirmisher (level 9, -2/79 HPs)
             Began as a Centaur Abyssal Knight on June 26, 2018.
             Was a Priest of Lugonu.
             Slain by an orc warrior
             ... wielding a +0 dire flail
              (12 damage)
             ... on level 6 of the Dungeon on June 30, 2018.
             The game lasted 00:11:08 (6555 turns).

Gargoyl the Skirmisher (Centaur Abyssal Knight)     Turns: 6555, Time: 00:11:09

Health: -2/79      AC: 10    Str: 15    XL:     9   Next: 0%
Magic:  8/12       EV:  8    Int: 11    God:    Lugonu [***...]
Gold:   336        SH:  0    Dex: 12    Spells: 8/8 levels left

rFire    . . .     SeeInvis .   k - +2 hand axe (chop)
rCold    . . .     Gourm    .   (no shield)
rNeg     . . .     Faith    .   r - +0 scale mail (curse)
rPois    .         Spirit   .   n - +2 hat
rElec    .         Reflect  .   (no cloak)
rCorr    .         Harm     .   q - +0 pair of gloves
MR       .....     Rnd*Tele +   (no barding)
Stlth    ..........             (no amulet)
HPRegen  0.23/turn              l - ring of teleportation (curse)
MPRegen  0.13/turn              (no ring)

@: very quick
A: large, hooves 3, deformed body, speed 2, tough skin 3
a: Depart the Abyss, Bend Space, Banish, Renounce Religion


You were on level 6 of the Dungeon.
You worshipped Lugonu.
Lugonu was most pleased with you.
You were not hungry.

You visited 1 branch of the dungeon, and saw 6 of its levels.
You visited the Abyss 1 time.

You collected 336 gold pieces.

Inventory:

Hand Weapons
 a - a +2 hand axe
 k - a +2 hand axe of chopping (weapon)
Armour
 n - a +2 hat (worn)
 q - a +0 pair of gloves (worn)
 r - a cursed +0 scale mail (worn)
Jewellery
 l - a cursed ring of teleportation (left hand)
Wands
 b - a wand of polymorph (12)
Scrolls
 h - a scroll of teleportation
 i - 2 scrolls of blinking
 o - 2 scrolls of identify
 p - a scroll of remove curse
Potions
 d - 2 potions of ambrosia {unknown}
 e - a potion of brilliance
 f - a potion of mutation {unknown}
 g - a potion of haste
 j - a potion of curing {unknown}
 m - a potion of lignification
 s - a potion of cancellation {unknown}
Comestibles
 c - 7 rations


   Skills:
 + Level 7.0 Fighting
 + Level 5.9 Axes
 * Level 4.4 Armour
 + Level 1.9 Dodging
 * Level 5.1 Invocations


You had 8 spell levels left.
You didn't know any spells.

Dungeon Overview and Level Annotations

Branches:
Dungeon (6/15)             Temple (0/1) D:4

Altars:
Cheibriados
Hepliaklqana
Okawaru
The Shining One

Annotations:
D:3 imnir's ghost, amateur TrFi


Innate Abilities, Weirdness & Mutations

You have hooves in place of feet.
Armour fits poorly on your strangely shaped body.
You cover ground very quickly.
You have extremely tough skin. (AC +3)


Message History

* * * LOW HITPOINT WARNING * * *
You barely miss the orc warrior.
The orc warrior is severely wounded.
The orc warrior hits you with a dire flail.
* * * LOW HITPOINT WARNING * * *
Found a trident and a ration.
Things that are here:
a falchion; a scale mail
Press: ? - help, Shift-Dir - straight line, f - orc warrior
Aim: an orc warrior, wielding a dire flail and wearing a glowing plate armour (severely wounded, chance to defeat MR: 83%)
You fail to use your ability.
Press: ? - help, Shift-Dir - straight line, f/p - orc warrior
Aim: an orc warrior, wielding a dire flail and wearing a glowing plate armour (severely wounded, chance to defeat MR: 83%)
You fail to use your ability.
Press: ? - help, Shift-Dir - straight line, f/p - orc warrior
Aim: an orc warrior, wielding a dire flail and wearing a glowing plate armour (severely wounded, chance to defeat MR: 83%)
The orc warrior resists with significant effort.
You feel quite a bit more hungry.
The orc warrior hits you with a dire flail!
You die...

.........+
.........# #####...
.........# #.......
...<.....# #.%....
+####....# #..).#
#....# #....#
#....# #....+
#####....####....#
............)..o@#
..........)).....#
.................#
.................#
.................#
.................#
.........#+######..
#####....# ..


You could see an orc warrior.

Vanquished Creatures
  A glowing orange brain (Abyss:1)
  Grinder (D:2)
  An ice beast (D:5)
  A phantom (D:5)
  An ogre (D:3)
  A centaur zombie (D:3)
  2 hounds
  A jelly (D:5)
  6 orc priests
  A centaur skeleton (D:4)
  An iguana (D:4)
  2 worker ants
  10 orc wizards
  3 gnolls (D:2)
  9 adders
  A shadow imp (D:5)
  2 oozes
  5 worms
  6 dart slugs
  3 leopard geckos
  25 orcs
  2 ball pythons (D:1)
  6 giant cockroaches
  11 goblins
  15 hobgoblins
  7 jackals (D:4)
  8 kobolds
  4 quokkas
  3 bats
  3 frilled lizards
  A leopard gecko skeleton (D:5)
  4 rats
147 creatures vanquished.

Notes
Turn   | Place    | Note
-------+----------+-------------------------------------------
     0 | Abyss:1  | Gargoyl the Centaur Abyssal Knight began the quest for the Orb.
     0 | Abyss:1  | Reached XP level 1. HP: 19/19 MP: 2/2
    49 | Abyss:1  | Found a corrupted altar of Lugonu.
    68 | Abyss:1  | Found a corrupted altar of Lugonu.
   153 | Abyss:1  | Noticed a large abomination
   180 | Abyss:1  | Noticed a large abomination
   185 | Abyss:1  | Noticed a large abomination
   215 | Abyss:1  | Noticed a glowing orange brain
   254 | Abyss:1  | Noticed a ynoxinul
   255 | Abyss:1  | Killed a glowing orange brain
   255 | Abyss:1  | Reached skill level 6 in Fighting
   255 | Abyss:1  | Reached XP level 2. HP: 30/30 MP: 2/4
   255 | Abyss:1  | Reached XP level 3. HP: 37/37 MP: 2/5
   255 | Abyss:1  | Reached XP level 4. HP: 44/44 MP: 2/6
   255 | Abyss:1  | Reached XP level 5. HP: 50/50 MP: 2/7
   255 | Abyss:1  | Reached XP level 6. HP: 57/57 MP: 2/8
   255 | Abyss:1  | Reached XP level 7. HP: 63/63 MP: 2/9
   263 | Abyss:1  | Noticed a large abomination
   278 | Abyss:1  | Noticed a starcursed mass
   282 | Abyss:1  | Noticed a thrashing horror
   286 | Abyss:1  | Noticed a profane servitor
   312 | Abyss:1  | Noticed a wretched star
   315 | D:1      | Escaped the Abyss
   726 | D:1      | Reached * piety under Lugonu
  1004 | D:2      | Found an iron altar of Okawaru.
  1006 | D:2      | Found a glowing golden altar of the Shining One.
  1029 | D:2      | Found a hazy altar of Hepliaklqana.
  2250 | D:2      | Reached skill level 1 in Dodging
  2314 | D:3      | Reached ** piety under Lugonu
  2754 | D:3      | Noticed Grinder
  2755 | D:3      | Noticed imnir's ghost (amateur TrFi)
  3488 | D:2      | Killed Grinder
  3488 | D:2      | Reached XP level 8. HP: 29/71 MP: 9/11
  3903 | D:3      | Found a snail-covered altar of Cheibriados.
  4360 | D:4      | Reached skill level 5 in Axes
  4496 | D:4      | Found a staircase to the Ecumenical Temple.
  4511 | D:5      | Entered Level 5 of the Dungeon
  5026 | D:4      | Reached *** piety under Lugonu
  5895 | D:5      | Reached skill level 7 in Fighting
  5954 | D:5      | Reached skill level 5 in Invocations
  6544 | D:6      | Reached XP level 9. HP: 33/79 MP: 12/12
  6555 | D:6      | Slain by an orc warrior

Skill      XL: |  1  2  3  4  5  6  7  8 |
---------------+-------------------------+-----
Fighting       | 6 7 |  7.0
Axes           | 3 4 5 |  5.9
Armour         | 2 3 4 |  4.4
Invocations    | 3 4 5 |  5.1
Dodging        | 1 |  1.9

Action                   |  1- 3 |  4- 6 |  7- 9 || total
-------------------------+-------+-------+-------++-------
Melee: Hand axe          |    24 |       |   409 ||   433
       Kick              |     8 |       |    84 ||    92
Invok: Depart the Abyss  |       |       |     1 ||     1
       Banish            |       |       |     1 ||     1
  Use: Scroll            |     1 |       |    10 ||    11
       Potion            |       |       |     1 ||     1
  Eat: Chunk             |       |       |     9 ||     9
       Ration            |       |       |     2 ||     2
Armor: Ring mail         |       |       |   146 ||   146
       Leather armour    |       |       |    37 ||    37
       Scale mail        |       |       |    32 ||    32
Dodge: Dodged            |       |       |   194 ||   194
